 Dungeon Sprint DCSS version 0.20-a0-1117-g62da73f (webtiles) character file.

26413 potatolord6000 the Warrior (level 13, -1/97 HPs)
             Began as a Gargoyle Fighter on May 9, 2017.
             Was an Initiate of Gozag.
             Blown up by a great orb of eyes (44 damage)
             ... with a disintegration bolt
             ... in the Dungeon (Sprint IX: "|||||||||||||||||||||||||||||").
             The game lasted 00:14:39 (2214 turns).

potatolord6000 the Warrior (Gargoyle Fighter)       Turns: 2214, Time: 00:14:39

Health: -1/97      AC: 56    Str: 23    XL:     13   Next: 25%
Magic:  13/13      EV:  8    Int: 13    God:    Gozag
Gold:   971        SH: 28    Dex: 10    Spells: 12/12 levels left

rFire    . . .     SeeInvis .   o - +2 morningstar (protect)
rCold    + . .     Gourm    .   x - +1 large shield
rNeg     + . .     Faith    .   f - +5 crystal plate armour
rPois    ∞         Spirit   .   c - +1 helmet
rElec    +         Reflect  +   a - +1 cloak of Starlight {rElec rC+ EV+4 Stlth--}
rCorr    .         Harm     .   (no gloves)
MR       .....     NoTele   +   w - +0 pair of boots
Stlth    ..........             v - +5 amulet of reflection
Regen    0.3/turn               q - +2 ring of protection
MPRegen  0.2/turn               b - +3 ring of intelligence

@: gold aura, protection aura
A: negative energy resistance 1, electricity resistance, unbreathing,
petrification resistance, rot immunity, AC +9
a: Potion Petition, Call Merchant, Bribe Branch, Renounce Religion


You were in the Dungeon.
You worshipped Gozag.
Gozag was pleased with you.
You were not hungry.

You visited 1 branch You collected 9978 gold pieces.
You spent 4069 gold pieces at shops.
You paid 4938 gold pieces to Gozag.

Inventory:

Hand Weapons
 o - a +2 morningstar of protection (weapon)
Armour
 a - the +1 cloak of Starlight (worn) {rElec rC+ EV+4 Stlth--}
   (You bought it in a shop in the Dungeon)

   It affects your evasion (+4).
   It protects you from cold.
   It insulates you from electricity.
   It makes you much less stealthy.
 c - a +1 helmet (worn)
 f - a +5 crystal plate armour (worn)
 w - a +0 pair of boots (worn)
 x - a +1 large shield (worn)
Jewellery
 b - a +3 ring of intelligence (right hand)
 q - a +2 ring of protection (left hand)
 v - a +5 amulet of reflection (around neck)
Wands
 n - a wand of acid (7/15)
Scrolls
 h - 2 scrolls of recharging
 k - 2 scrolls of blinking
 l - 4 scrolls of remove curse
 m - 2 scrolls of amnesia
 r - 2 scrolls of fog
 s - a scroll of fear
 y - 3 scrolls of identify
Potions
 d - a potion of invisibility
 e - 2 potions of curing
 i - 4 potions of magic
 j - 2 potions of heal wounds
 u - a potion of agility
 z - a potion of resistance
Comestibles
 g - 40 fruits
 p - 12 bread rations
 t - 12 meat rations


   Skills:
 + Level 18.1 Fighting
 + Level 16.8 Maces & Flails
 + Level 18.1 Armour
 + Level 18.1 Shields


You had 12 spell levels left.
You didn't know any spells.

Dungeon Overview and Level Annotations

Branches:
Dungeon (1/1)

Altars:
Cheibriados
Dithmenos
Elyvilon
Fedhas
Gozag
Hepliaklqana
Kikubaaqudgha
Makhleb
Nemelex Xobeh
Okawaru
Qazlal
Ru
Sif Muna
Trog
Uskayaw
Vehumet
Wu Jian
Xom
Yredelemnul
Zin
The Shining One
Beogh
Jiyva
Lugonu

Shops:
D [!?[(}=[[


Innate Abilities, Weirdness & Mutations

You are resistant to torment.
Your stone body is resilient. (AC +9)
You are immune to poison.
You resist negative energy. (rN+)
You are resistant to electric shocks. (rElec)
You can survive without breathing.
You are immune to petrification.
You are immune to rotting.


Message History

The great orb of eyes is heavily wounded.
You block the great orb of eyes's attack.
You hit the great orb of eyes but do no damage.
The great orb of eyes is heavily wounded.
The great orb of eyes gazes at you.
You barely resist. You impale the great orb of eyes!!
The great orb of eyes is severely wounded.
You hit the great orb of eyes but do no damage.
The great orb of eyes is severely wounded.
The great orb of eyes barely misses you.
You hit the great orb of eyes.
The great orb of eyes is severely wounded.
The centaur warrior simulacrum is no longer distracted by gold.
You block the great orb of eyes's attack.
You hit the great orb of eyes.
The great orb of eyes is almost dead.
The great orb of eyes gazes at you.
You are blasted!
You die...

▓.▓)▓.▓.▓.▓.▓
▓.▓.▓.▓.▓'▓.▓.▓
▓.▓.▓∩▓.▓.▓.▓.▓
▓.▓[▓∩▓.▓.▓.▓.▓
▓.▓.▓.▓.▓(▓.▓'▓
▓.▓.▓∩▓.▓)▓.▓.▓
▓Z▓.▓.▓.▓.▓.▓)▓
▓G▓.▓∩▓.▓.▓.▓[▓
▓@▓.▓[▓.▓.▓.▓[▓
▓$▓.▓∩▓.▓.▓.▓.▓
▓$▓.▓.▓.▓.▓.▓)▓
▓$▓.▓.▓.▓.▓.▓|▓
▓$▓.▓.▓.▓.▓.▓.▓
▓$▓.▓)▓.▓.▓.▓.▓
▓.▓.▓)▓.▓'▓.▓'▓
▓.▓.▓)▓.▓.▓.▓_▓
▓∩▓.▓.▓.▓.▓.▓_▓


You could see a great orb of eyes and a centaur warrior simulacrum.

Vanquished Creatures
  Gastronok (D)
  A stone giant (D)
  3 dire elephants (D)
  5 ogre magi (D)
  An ice dragon (D)
  3 hydras (D)
  A rakshasa (D)
  Erolcha (D)
  2 centaur warriors (D)
  3 two-headed ogres (D)
  Urug (D)
  An unseen horror (D)
  A deep elf mage (D)
  A necromancer (D)
  An orc knight (D)
  A manticore (D)
  A cyclops (D)
  7 elephants (D)
  Psyche (D)
  2 spiny frogs (D)
  A yaktaur (D)
  2 komodo dragons (D)
  2 polar bears (D)
  2 blink frogs (D)
  An acid dragon (D)
  A soldier ant (D)
  3 water moccasins (D)
  A porcupine (D)
  2 sky beasts (D)
  10 orc warriors (D)
  6 ogres (D)
  A crocodile (D)
  4 bullfrogs (D)
  A howler monkey (D)
  2 crimson imps (D)
  A quasit (D)
  4 orc priests (D)
  5 orc wizards (D)
  A worker ant (D)
  An adder (D)
  A shadow imp (D)
  2 dart slugs (D)
  6 orcs (D)
  A goblin (D)
  A ball python (D)
  A giant cockroach zombie (D)
  A jackal skeleton (D)
  2 kobolds (D)
104 creatures vanquished.

Notes
Turn   | Place    | Note
-------+----------+-------------------------------------------
     0 | D        | potatolord6000 the Gargoyle Fighter began the quest for the Orb.
     0 | D        | Reached XP level 1. HP: 14/14 MP: 1/1
    20 | D        | Noticed a quasit
    20 | D        | Noticed a howler monkey
    20 | D        | Noticed a crimson imp
    22 | D        | Reached XP level 2. HP: 20/20 MP: 2/2
    26 | D        | Killed a howler monkey
    26 | D        | Reached skill level 5 in Fighting
    26 | D        | Reached skill level 5 in Armour
    26 | D        | Reached XP level 3. HP: 25/26 MP: 3/3
    37 | D        | Reached skill level 5 in Shields
    37 | D        | Reached XP level 4. HP: 26/31 MP: 4/4
    42 | D        | Reached skill level 5 in Maces & Flails
    49 | D        | Found a roughly hewn altar of Beogh.
    49 | D        | Found a snail-covered altar of Cheibriados.
    49 | D        | Found a shadowy altar of Dithmenos.
    49 | D        | Found a white marble altar of Elyvilon.
    49 | D        | Found a blossoming altar of Fedhas.
    49 | D        | Found an opulent altar of Gozag.
    50 | D        | Found a hazy altar of Hepliaklqana.
    51 | D        | Found a viscous altar of Jiyva.
    52 | D        | Found an ancient bone altar of Kikubaaqudgha.
    53 | D        | Found a corrupted altar of Lugonu.
    54 | D        | Found a burning altar of Makhleb.
    55 | D        | Found a sparkling altar of Nemelex Xobeh.
    58 | D        | Found an iron altar of Okawaru.
    59 | D        | Became a worshipper of Gozag Ym Sagoz the Greedy
    60 | D        | Found a stormy altar of Qazlal.
    61 | D        | Found a sacrificial altar of Ru.
    62 | D        | Found a deep blue altar of Sif Muna.
    63 | D        | Found a bloodstained altar of Trog.
    64 | D        | Found a hide-covered altar of Uskayaw.
    65 | D        | Found a radiant altar of Vehumet.
    66 | D        | Found an ornate altar of the Wu Jian Council.
    67 | D        | Found a shimmering altar of Xom.
    68 | D        | Found a basalt altar of Yredelemnul.
    69 | D        | Found a glowing silver altar of Zin.
    90 | D        | Found a glowing golden altar of the Shining One.
   137 | D        | Noticed a bullfrog
   137 | D        | Noticed a bullfrog
   137 | D        | Noticed a sky beast
   140 | D        | Killed a sky beast
   140 | D        | Reached XP level 5. HP: 38/38 MP: 5/5
   146 | D        | Reached XP level 6. HP: 44/44 MP: 6/6
   190 | D        | Noticed an acid dragon
   190 | D        | Noticed a centaur warrior
   190 | D        | Noticed a cyclops
   203 | D        | Killed a cyclops
   203 | D        | Reached XP level 7. HP: 38/51 MP: 7/7
   210 | D        | Killed a centaur warrior
   210 | D        | Reached skill level 10 in Fighting
   210 | D        | Reached skill level 10 in Armour
   210 | D        | Reached skill level 10 in Shields
   210 | D        | Reached XP level 8. HP: 40/59 MP: 8/8
   225 | D        | Killed an unseen horror
   225 | D        | Reached skill level 10 in Maces & Flails
   225 | D        | Reached XP level 9. HP: 34/64 MP: 9/9
   232 | D        | HP: 1/64 [acid (10)]
   439 | D        | Noticed an eight-headed hydra
   439 | D        | Noticed a komodo dragon
   439 | D        | Noticed a komodo dragon
   441 | D        | Noticed a spiny frog
   445 | D        | Noticed a six-headed hydra
   454 | D        | Killed a komodo dragon
   471 | D        | Killed a komodo dragon
   478 | D        | Killed an eight-headed hydra
   478 | D        | Reached XP level 10. HP: 23/72 MP: 10/10
   485 | D        | Killed a six-headed hydra
   492 | D        | Killed a spiny frog
   516 | D        | Noticed an elephant
   516 | D        | Noticed an elephant
   534 | D        | Killed an elephant
   539 | D        | Noticed a spiny frog
   556 | D        | Killed an elephant
   577 | D        | Killed a spiny frog
   748 | D        | Noticed an elephant
   748 | D        | Noticed an elephant
   748 | D        | Noticed a dire elephant
   748 | D        | Noticed an elephant
   748 | D        | Noticed an elephant
   748 | D        | Noticed an elephant
   750 | D        | Noticed a dire elephant
   752 | D        | Killed an elephant
   752 | D        | Reached XP level 11. HP: 79/80 MP: 11/11
   768 | D        | Killed a dire elephant
   782 | D        | Killed a dire elephant
   809 | D        | Noticed a dire elephant
   809 | D        | Reached skill level 15 in Fighting
   809 | D        | Reached skill level 15 in Armour
   809 | D        | Reached skill level 15 in Shields
   843 | D        | Killed a dire elephant
   899 | D        | Bought a runed crystal plate armour for 2739 gold pieces
  1208 | D        | Noticed Psyche
  1219 | D        | Killed Psyche
  1506 | D        | Bought the +1 cloak of Starlight {rElec rC+ EV+4 Stlth--} for 712 gold pieces
  1532 | D        | Noticed an orc knight
  1551 | D        | Killed an orc knight
  1631 | D        | Bought a +5 amulet of reflection for 618 gold pieces
  1682 | D        | Found Zuecru Feha's Gadget Boutique.
  1682 | D        | Noticed an ogre mage
  1682 | D        | Noticed an ogre mage
  1683 | D        | Noticed a two-headed ogre
  1692 | D        | Killed an ogre mage
  1692 | D        | Reached XP level 12. HP: 81/88 MP: 12/12
  1706 | D        | Killed an ogre mage
  1707 | D        | Found Kunlatoto's Weapon Shop.
  1713 | D        | Killed a two-headed ogre
  1713 | D        | Reached skill level 15 in Maces & Flails
  1718 | D        | Found Ohaaguadgh's Antique Armour Boutique.
  1720 | D        | Found Roar's Magic Scroll Shop.
  1720 | D        | Noticed an ogre mage
  1723 | D        | Noticed an ogre mage
  1725 | D        | Noticed a two-headed ogre
  1733 | D        | Killed an ogre mage
  1741 | D        | Paralysed by an ogre mage for 4 turns
  1748 | D        | Killed an ogre mage
  1757 | D        | Killed a two-headed ogre
  1766 | D        | Noticed a two-headed ogre
  1778 | D        | Killed a two-headed ogre
  1852 | D        | Noticed Gastronok
  1875 | D        | Killed Gastronok
  1915 | D        | Noticed Erolcha
  1928 | D        | Killed Erolcha
  1943 | D        | Noticed Urug
  1955 | D        | Killed Urug
  2091 | D        | Noticed a four-headed hydra
  2111 | D        | Killed a four-headed hydra
  2112 | D        | Noticed an ogre mage
  2114 | D        | Noticed a rakshasa
  2117 | D        | Noticed an ice dragon
  2141 | D        | Noticed a centaur warrior
  2143 | D        | Noticed a stone giant
  2145 | D        | Reached XP level 13. HP: 93/96 MP: 13/13
  2146 | D        | Noticed a stone giant
  2159 | D        | Noticed a great orb of eyes
  2164 | D        | Killed a rakshasa
  2183 | D        | Killed an ice dragon
  2192 | D        | Killed a stone giant
  2214 | D        | Blown up by a great orb of eyes

Vault maps used:
D:        linesprint

Skill      XL: |  1  2  3  4  5  6  7  8  9 10 11 12 13 |
---------------+----------------------------------------+-----
Fighting       | 5 7 9 10 11 12 14 16 17 18 | 18.1
Maces & Flails | 3 4 6 8 9 10 11 13 14 16 | 16.8
Armour         | 5 7 9 10 11 12 14 15 17 18 | 18.1
Shields        | 4 5 7 9 10 11 12 14 15 17 18 | 18.1

Action                   |  1- 3 |  4- 6 |  7- 9 | 10-12 | 13-15 || total
-------------------------+-------+-------+-------+-------+-------++-------
Melee: Flail             |    26 |     5 |       |       |       ||    31
       Morningstar       |       |    41 |    67 |   403 |    65 ||   576
Invok: Call Merchant     |       |       |     1 |     4 |       ||     5
       Potion Petition   |       |       |     1 |     1 |       ||     2
  Use: Potion            |     1 |     1 |     3 |    11 |     1 ||    17
       Scroll            |       |       |       |     4 |       ||     4
 Stab: Distracted        |       |       |     1 |     5 |       ||     6
  Eat: Bread ration      |       |       |     1 |     1 |       ||     2
Armor: Scale mail        |    18 |     5 |       |       |       ||    23
       Ring mail         |       |    19 |    39 |    66 |       ||   124
       Crystal plate arm |       |       |       |    67 |    14 ||    81
Dodge: Dodged            |     3 |    12 |    21 |    52 |     7 ||    95
Block: Shield            |     8 |    25 |    34 |   157 |       ||   224
       Large shield      |       |       |       |    48 |    41 ||    89
       Reflection        |       |       |       |     3 |       ||     3
